 Dungeon Crawl Stone Soup version 0.26-a0-652-gafc20e3620 (webtiles) character file.

Game seed: 2146590699536415334

0 Gargoyl the Skirmisher (level 1, -7/23 HPs)
             Began as a Gnoll Abyssal Knight on Oct 2, 2020.
             Was a Follower of Lugonu.
             Mangled by a small abomination (11 damage)
             ... on level 2 of the Abyss.
             The game lasted 00:00:32 (120 turns).

Gargoyl the Skirmisher (Gnoll Abyssal Knight)        Turns: 120, Time: 00:00:33

Health: -7/23      AC:  3    Str: 14    XL:     1   Next: 0%
Magic:  3/3        EV: 12    Int: 14    God:    Lugonu [*.....]
Gold:   36         SH:  0    Dex: 14    Spells: 0/0 levels left

rFire    . . .     SeeInvis .   a - +1 hand axe
rCold    . . .     Faith    .   (no shield)
rNeg     . . .     Spirit   .   b - +0 leather armour
rPois    .         Reflect  .   (no helmet)
rElec    .         Harm     .   (no cloak)
rCorr    .         Rampage  .   (no gloves)
MR       .....                  (no boots)
Stlth    +.........             (no amulet)
HPRegen  0.07/turn              (no ring)
MPRegen  0.08/turn              (no ring)

@: no status effects
A: distributed training, fangs 1, strong nose
a: Depart the Abyss, Renounce Religion


You were on level 2 of the Abyss.
You worshipped Lugonu.
Lugonu was aware of your devotion.
You visited 0 branches of the dungeon, and saw 0 of its levels.
You visited the Abyss 1 time.

You collected 36 gold pieces.

Inventory:

Hand Weapons
 a - a +1 hand axe (weapon)
Armour
 b - a +0 leather armour (worn)


   Skills:
 + Level 6.4 Fighting
 + Level 0.0 Short Blades
 + Level 0.0 Long Blades
 + Level 4.4 Axes
 + Level 0.0 Maces & Flails
 + Level 0.0 Polearms
 + Level 0.0 Staves
 + Level 0.0 Slings
 + Level 0.0 Bows
 + Level 0.0 Crossbows
 + Level 0.0 Throwing
 + Level 4.4 Armour
 + Level 2.3 Dodging
 + Level 0.0 Stealth
 + Level 0.0 Shields
 + Level 0.0 Unarmed Combat
 + Level 0.0 Spellcasting
 + Level 0.0 Conjurations
 + Level 0.0 Hexes
 + Level 0.0 Summonings
 + Level 0.0 Necromancy
 + Level 0.0 Translocations
 + Level 0.0 Transmutations
 + Level 0.0 Fire Magic
 + Level 0.0 Ice Magic
 + Level 0.0 Air Magic
 + Level 0.0 Earth Magic
 + Level 0.0 Poison Magic
 + Level 4.4 Invocations
 + Level 0.0 Evocations


You couldn't memorise any spells.
You didn't know any spells.
Your spell library was empty.

Dungeon Overview and Level Annotations

Branches:
Dungeon (0/15)

Altars:


Innate Abilities, Weirdness & Mutations

Your experience applies equally to all skills.
You have very sharp teeth.
Your uncanny sense of smell can sniff out nearby items.


Message History

You plunge deeper into the Abyss.
Found a dagger.
You see here 23 sling bullets.
A small abomination emerges from the beyond.
Found 20 gold pieces.
You see here 20 gold pieces.
You now have 36 gold pieces (gained 20).
The small abomination closely misses you.
Found a club.
The small abomination misses you.
You see here a club.
The small abomination misses you.
The small abomination barely misses you.
Found 5 stones.
A sun demon comes into view.
The sun demon shouts!
Found 28 gold pieces.
The small abomination closely misses you.
The small abomination hits you!
You die...

.# ### #..##.# .##..
#...... ..... .....#
#.#.###.#..# .
#(.........#
.#.#........#.#
#.#..#........#@#
#.##........3.x.# #.
#.#..........#
#.#..#..........# #
...#........#...#
#.......Z.......#...#
.####....#..#..#.##..#
.................# #.#
# ###.#.#....#..# ..


You could see a sun demon, a small abomination and a titan simulacrum.

Vanquished Creatures (others)
  A lurking horror (Abyss:1)
1 creature vanquished.

Notes
Turn   | Place    | Note
-------+----------+-------------------------------------------
     0 | Abyss:1  | Gargoyl the Gnoll Abyssal Knight began the quest for the
                  | Orb.
     0 | Abyss:1  | Reached XP level 1. HP: 23/23 MP: 3/3
    38 | Abyss:1  | Noticed a large abomination
    43 | Abyss:1  | Noticed an ettin skeleton
    72 | Abyss:1  | Noticed an apocalypse crab
    73 | Abyss:1  | Noticed a small abomination
    74 | Abyss:1  | Noticed a small abomination
    76 | Abyss:1  | HP: 1/23 [small abomination (12)]
    79 | Abyss:1  | Noticed a crimson imp
    91 | Abyss:2  | Noticed a small abomination
   111 | Abyss:2  | Noticed a titan simulacrum
   115 | Abyss:2  | Noticed a sun demon
   120 | Abyss:2  | Mangled by a small abomination

Illustrated notes

Levels and vault maps discovered:
Abyss:2:  evilmike_abyss_exit_vortex, minivault_25, minivault_25

Action                   || total
-------------------------++-------
Dodge: Dodged            ||     6

Table legend: (Time is in decaauts)
 A = Elapsed time spent in this place.
 B = Non-inter-level travel time spent in this place.
 C = Inter-level travel time spent in this place.
 D = Time resting spent in this place.
 E = Time spent auto-exploring this place.
 F = Levels seen in this place.
 G = Mean time per level.
                   A        B        C        D        E       F      G
               +--------+--------+--------+--------+--------+-----+--------+
         Total |    119 |    119 |      0 |      0 |     48 |   2 |   59.5 |
         Abyss |    119 |    119 |      0 |      0 |     48 |   2 |   59.5 |
               +--------+--------+--------+--------+--------+-----+--------+

Top non-repeatable levels by time:
 Abyss:1: 80 daAuts
 Abyss:2: 39 daAuts
